 Dungeon Crawl Stone Soup version 0.28-a0-691-gad6df49e81 (webtiles) character file.

Game seed: 445277225394859273

745 jasper the Charlatan (level 7, -1/51 HPs)
             Began as a Demonspawn Artificer on Oct 21, 2021.
             Slain by an orc wizard (3 damage)
             ... on level 3 of the Dungeon.
             The game lasted 00:07:12 (4966 turns).

jasper the Charlatan (Demonspawn Artificer)         Turns: 4966, Time: 00:07:12

Health: -1/51      AC:  6    Str: 12    XL:     7   Next: 47%
Magic:  7/7        EV: 12    Int: 12    God:
Gold:   111        SH:  5    Dex: 16    Spells: 6/6 levels left

rFire   + . .      SeeInvis .   n - +0 rapier
rCold   + . .      Faith    .   i - +0 buckler
rNeg    . . .      Spirit   .   b - +0 leather armour
rPois   +          Reflect  .   (no helmet)
rElec   +          Harm     .   (no cloak)
rCorr   +          Rampage  .   (no gloves)
Will    .....                   (no boots)
Stlth   +.........              (no amulet)
HPRegen 0.17/turn               (no ring)
MPRegen 0.10/turn               (no ring)

@: resistant
A: claws 1, thin metallic scales 2, ignite blood 2
a: no special abilities


You were on level 3 of the Dungeon.
You visited 1 branch of the dungeon, and saw 4 of its levels.

You collected 111 gold pieces.

Inventory:

Hand Weapons
 a - a +0 club
 f - a +1 hunting sling
 n - a +0 rapier (weapon)
Missiles
 j - 39 stones (quivered)
Armour
 b - a +0 leather armour (worn)
 i - a +0 buckler (worn)
Jewellery
 g - a ring of fire
Wands
 d - a wand of charming (13)
Scrolls
 p - a scroll of noise
Potions
 l - a potion of flight
Miscellaneous
 e - a piece from Xom's chessboard (15/15)


   Skills:
 + Level 2.5 Fighting
 + Level 2.8 Armour
 + Level 2.2 Dodging
 - Level 0.8 Stealth
 - Level 4.0 Shields
 * Level 3.0 Unarmed Combat
 - Level 5.0 Evocations


You had 6 spell levels left.
You didn't know any spells.
Your spell library was empty.

Dungeon Overview and Level Annotations

Branches:
Dungeon (4/15)
 Temple: D:4-7

Altars:
Qazlal


Innate Abilities, Weirdness & Mutations

You have sharp fingernails.
You are mostly covered in thin metallic scales. (AC +3)
Your demonic aura often causes spilled blood to erupt in flames.


Message History

The orc closely misses you.
The orc priest hits you but does no damage.
You take 3 damage, and have 40/51 hp.
Okay, then.
You feel protected. You block something's attack. The orc barely misses you.
The orc hits you with a +0 club. The orc hits you but does no damage.
The orc priest hits you with a +0 club.
You take 3 damage, and have 37/51 hp.
You barely miss the orc. Something hits you but does no damage.
You block the orc's attack. The orc closely misses you.
You block the orc's attack. The orc priest hits you with a +0 club.
You take 4 damage, and have 33/51 hp.
You barely miss the orc. Something hits you but does no damage.
The orc hits you but does no damage. The orc barely misses you.
You block the orc's attack. The orc priest hits you with a +0 club.
Something hits you.
You take 6 damage, and have 27/51 hp.
You hit the orc.
The orc is almost dead.
The orc hits you with a +0 whip. You block the orc's attack.
The orc hits you but does no damage. The orc priest barely misses you.
Something hits you. The orc hits you but does no damage. x2
You take 4 damage, and have 23/51 hp.
You barely miss the orc.
The orc is almost dead.
The orc hits you with a +0 war axe.
The orc priest invokes the aid of Beogh against you.
Beogh smites you!
* * * LOW HITPOINT WARNING * * *
Something hits you but does no damage. You block the orc's attack.
The orc hits you but does no damage. The orc hits you with a +0 war axe!
* * * LOW HITPOINT WARNING * * *
You take 21 damage, and have 2/51 hp.
MASSIVE DAMAGE!!
Okay, then.
Okay, then.
You barely miss the orc.
The orc is severely wounded.
The orc priest barely misses you. Something hits you.
You die...

#....###..##.#####.#
#...............##.#
#......##.##.##)...#
###....##..#.##.##.# #
#....#.........#.# #
#....#.#...##..#.# #
#....#.##..##..#.########## #
##+#.#.##oo##..#..........#
########.......#@##..#.########.#
..##...........{oo.......######.#
..##.###.........##..#...........
..##.#[.......#...)..#.#........#
..##.#.#.####.#..###.#.#..#######
..##.#.### #.#..# #.#.#..# #
####.#.# #.##.###.#.#..####### #
#...# #...)....#.#..##..... #
#############.#####.#..##.####


You could see an orc priest and 3 orcs.

Vanquished Creatures
  Pikel (D:3)
  2 scorpions (D:3)
  An orc priest (D:3)
  An orc wizard (D:4)
  A gnoll (D:3)
  4 adders
  A worm (D:3)
  3 dart slugs
  2 orcs (D:3)
  7 ball pythons
  7 endoplasms
  3 giant cockroaches (D:1)
  6 goblins
  4 hobgoblins
  6 jackals
  5 kobolds
  A quokka (D:4)
  8 bats
  3 frilled lizards
  3 rats
69 creatures vanquished.

Vanquished Creatures (others)
  2 gnolls (D:3)
  A plant (D:1)
  4 toadstools (D:1)
7 creatures vanquished.

Grand Total: 76 creatures vanquished

Notes
Turn   | Place    | Note
-------+----------+-------------------------------------------
     0 | D:1      | jasper the Demonspawn Artificer began the quest for the
                  | Orb.
     0 | D:1      | Reached XP level 1. HP: 15/15 MP: 1/1
   512 | D:1      | Gained mutation: You are partially covered in thin metallic
                  | scales. (AC +2) [demonic ancestry]
   512 | D:1      | Reached XP level 2. HP: 18/21 MP: 2/2
  1150 | D:1      | Reached skill level 4 in Evocations
  1881 | D:2      | Gained mutation: You are mostly covered in thin metallic
                  | scales. (AC +3) [demonic ancestry]
  1881 | D:2      | Reached XP level 3. HP: 20/26 MP: 3/3
  1997 | D:2      | Reached skill level 1 in Shields
  3067 | D:3      | Gained mutation: You have sharp fingernails. [demonic
                  | ancestry]
  3067 | D:3      | Reached XP level 4. HP: 27/32 MP: 4/4
  4194 | D:4      | Found a stormy altar of Qazlal.
  4209 | D:3      | Reached skill level 5 in Evocations
  4209 | D:3      | Gained mutation: Your demonic aura sometimes causes spilled
                  | blood to erupt in flames. [demonic ancestry]
  4209 | D:3      | Reached XP level 5. HP: 28/37 MP: 5/5
  4698 | D:3      | Gained mutation: Your demonic aura often causes spilled
                  | blood to erupt in flames. [demonic ancestry]
  4698 | D:3      | Reached XP level 6. HP: 39/43 MP: 6/6
  4712 | D:4      | Noticed Pikel
  4714 | D:4      | Reached skill level 1 in Dodging
  4727 | D:3      | Killed Pikel
  4728 | D:3      | Reached XP level 7. HP: 16/51 MP: 7/7
  4965 | D:3      | HP: 2/51 [orc (7)]
  4966 | D:3      | Slain by an orc wizard

Illustrated notes

Levels and vault maps discovered:
D:1:      ldierk_water_garden, layout_loops_ring, st_stairs_1,
          chequers_big_river, minmay_misc_feat_iff
D:2:      layout_basic
D:3:      layout_basic, glass_columns_a
D:4:      layout_cave_pools, mainiacjoe_overflow_tiny_flanked,
          nicolae_take_the_stairs, uniq_sigmund, uniq_pikel, uniq_ijyb,
          uniq_menkaure

Skill      XL: |  1  2  3  4  5  6 |
---------------+-------------------+-----
Evocations     | 4 5 |  5.0
Shields        | 1 2 4 |  4.0
Dodging        | 2 |  2.2
Fighting       | 2 |  2.5
Armour         | 2 |  2.8
Unarmed Combat | 3 |  3.0
Stealth        | |  0.8

Action                   |  1- 3 |  4- 6 |  7- 9 || total
-------------------------+-------+-------+-------++-------
Melee: Club              |    63 |       |       ||    63
       Rapier            |     5 |    17 |     6 ||    28
       Unarmed           |       |     3 |       ||     3
 Fire: Hunting sling     |    94 |   111 |       ||   205
Evoke: Wand              |    12 |     5 |       ||    17
       Piece from Xom's  |       |     1 |       ||     1
  Use: Scroll            |     2 |     3 |       ||     5
       Potion            |       |     6 |     1 ||     7
Armor: Leather armour    |    49 |    32 |    14 ||    95
Dodge: Dodged            |    79 |    47 |     9 ||   135
Block: Buckler           |    11 |    19 |     7 ||    37

Table legend: (Time is in decaauts)
 A = Elapsed time spent in this place.
 B = Non-inter-level travel time spent in this place.
 C = Inter-level travel time spent in this place.
 D = Time resting spent in this place.
 E = Time spent auto-exploring this place.
 F = Levels seen in this place.
 G = Mean time per level.
                   A        B        C        D        E       F      G
               +--------+--------+--------+--------+--------+-----+--------+
         Total |   5036 |   4950 |     86 |    636 |   3562 |   4 | 1259.0 |
       Dungeon |   5036 |   4950 |     86 |    636 |   3562 |   4 | 1259.0 |
               +--------+--------+--------+--------+--------+-----+--------+

Top non-repeatable levels by time:
     D:3: 2011 daAuts
     D:1: 1813 daAuts
     D:2: 1160 daAuts
     D:4: 50 daAuts
